 Dungeon Crawl Stone Soup version 0.26-a0-812-g31a745ddcd (webtiles) character file.

Game seed: 10530028722245282262

264 Dracia the Ruffian (level 5, -15/40 HPs)
             Began as a Draconian Transmuter on Dec 1, 2020.
             Demolished by an ogre
             ... wielding a +0 giant spiked club
              (29 damage)
             ... on level 4 of the Dungeon.
             The game lasted 00:07:32 (4035 turns).

Dracia the Ruffian (Draconian Transmuter)           Turns: 4035, Time: 00:07:33

Health: -15/40     AC:  2    Str: 13    XL:     5   Next: 98%
Magic:  0/8        EV: 19    Int: 13    God:
Gold:   185        SH:  0    Dex: 17    Spells: 2/8 levels left

rFire    . . .     SeeInvis .     - Unarmed
rCold    . . .     Faith    .   (shield currently unavailable)
rNeg     . . .     Spirit   .   (armour unavailable)
rPois    x         Reflect  .   (helmet currently unavailable)
rElec    .         Harm     .   (cloak currently unavailable)
rCorr    +         Rampage  .   (gloves currently unavailable)
MR       .....                  (boots currently unavailable)
Stlth    ++........             (no amulet)
HPRegen  0.13/turn              b - ring of resist corrosion
MPRegen  0.11/turn              f - ring of flight

@: spider-form, very slightly contaminated
A: tiny, unfitting armour, AC +5
a: End Transformation, Evoke Flight


You were on level 4 of the Dungeon.
You were a venomous arachnid creature.
You visited 1 branch of the dungeon, and saw 4 of its levels.

You collected 185 gold pieces.


Innate Abilities, Weirdness & Mutations

((Your plain brown scales are hard. (AC +5)))
You cannot fit into any form of body armour.
((You are cold-blooded and may be slowed by cold attacks.))


   Skills:
 - Level 1.1 Fighting
 - Level 1.7 Dodging
 + Level 5.4 Unarmed Combat
 - Level 2.0 Spellcasting
 + Level 3.7 Transmutations
 * Level 1.7 Poison Magic


You had 2 spell levels left.
You knew the following spells:

 Your Spells              Type           Power        Failure   Level
a - Beastly Appendage     Tmut           ##....       16%         1
b - Wereblood             Tmut           ##......     22%         2
c - Spider Form           Tmut/Pois      #.........   45%         3

Your spell library contained the following spells:

 Spells                   Type           Power        Failure   Level
 Ice Form                 Ice/Tmut       #.......     89%         4
 Blade Hands              Tmut           ##........   94%         5

Inventory:

Missiles
 k - 2 throwing nets {=f}
Jewellery
 b - a ring of resist corrosion (left front leg)
 f - a ring of flight (right front leg)
Scrolls
 a - a scroll of remove curse {@r2}
 c - 2 scrolls of identify {@r1}
 i - a scroll of teleportation {@r4}
Potions
 d - 7 potions of curing {@q1}
 e - a potion of ambrosia {unknown}
 g - a potion of heal wounds {@q2}
 h - a potion of flight {unknown}
 j - a potion of degeneration {unknown}
 l - a potion of brilliance {unknown}

Dungeon Overview and Level Annotations

Branches:
Dungeon (4/15)
 Temple: D:4-7

Altars:

#)# #)#
#.# #.#
#.# #.#
#.# #O#
#s#######
#....?...
####.####
#


You could see an ogre.


Message History

You miscast Spider Form.
Nothing appears to happen.
Unknown command.
Things that are here:
a +0 dagger; a howler monkey skeleton You feel sick.
You see here a +0 club.
You feel sick.
Found a scroll labelled HIEMNA FUNI.
You feel sick.
You are no longer poisoned.
Casting: Spider Form (quite dangerous; 24% risk of failure)
Confirm with . or Enter, or press ? or * to list all spells.
You don't know that spell.
Casting: Spider Form (quite dangerous; 24% risk of failure)
Confirm with . or Enter, or press ? or * to list all spells.
The spell is quite dangerous to cast (24% risk of failure)!
Continue anyway?
You turn into a venomous arachnid creature.
The ogre hits you with a +0 giant spiked club!
* * * LOW HITPOINT WARNING * * *
You are too injured to fight recklessly!
You are too injured to fight recklessly!
Unknown command.
You are too injured to fight recklessly!
You are too injured to fight recklessly!
You are too injured to fight recklessly!
You hit the ogre.
The ogre is lightly wounded.
The ogre hits you with a +0 giant spiked club!!
Ouch! That really hurt!
You die...

Skill      XL: |  1  2  3  4  5 |
---------------+----------------+-----
Unarmed Combat | 4 5 |  5.4
Transmutations | 3 |  3.7
Poison Magic   | 1 |  1.7
Fighting       | |  1.1
Dodging        | |  1.7
Spellcasting   | |  2.0

Action                   |  1- 3 |  4- 6 || total
-------------------------+-------+-------++-------
Melee: Unarmed           |   101 |   198 ||   299
       Kick              |    12 |    21 ||    33
       Headbutt          |     7 |    11 ||    18
       Tailslap          |     9 |    12 ||    21
       Punch             |       |     3 ||     3
 Cast: Beastly Appendage |    21 |    21 ||    42
       Wereblood         |     2 |     6 ||     8
       Spider Form       |       |     2 ||     2
  Use: Potion            |     2 |       ||     2
       Scroll            |       |     5 ||     5
 Stab: Sleeping          |       |     2 ||     2
Armor: Skin              |    21 |    53 ||    74
Dodge: Dodged            |    39 |   136 ||   175

Levels and vault maps discovered:
D:1:      scummos_arrival_hexagon, layout_loops_ring, minmay_misc_feat_rugged,
          ebering_dispersal_statue_hall, corexii_leaking_fountain
D:2:      kennysheep_big_flooded_room, layout_basic,
          chequers_ecumenical_altar_island
D:3:      layout_rooms, serial_bayou_pond_c, grunt_ministairs_11, uniq_terence
D:4:      layout_loops_ring, gup_sewer_entry_spiral, uniq_robin, uniq_pikel,
          uniq_crazy_yiuf_cottage, uniq_grinder

Notes
Turn   | Place    | Note
-------+----------+-------------------------------------------
     0 | D:1      | Dracia the Draconian Transmuter began the quest for the
                  | Orb.
     0 | D:1      | Reached XP level 1. HP: 16/16 MP: 3/3
   216 | D:1      | Reached XP level 2. HP: 18/23 MP: 1/5
   652 | D:1      | Learned a level 2 spell: Wereblood
   818 | D:1      | Reached skill level 4 in Unarmed Combat
   818 | D:1      | Reached XP level 3. HP: 20/28 MP: 4/6
  1443 | D:2      | Found a faded altar of an unknown god.
  1565 | D:2      | Reached XP level 4. HP: 14/35 MP: 1/7
  1936 | D:2      | Reached skill level 3 in Transmutations
  2777 | D:3      | Learned a level 3 spell: Spider Form
  3258 | D:3      | Reached skill level 5 in Unarmed Combat
  3268 | D:3      | Reached XP level 5. HP: 30/40 MP: 5/8
  3427 | D:3      | Noticed Terence
  3443 | D:3      | Killed Terence
  3743 | D:4      | Noticed Robin
  3769 | D:4      | Reached skill level 1 in Poison Magic
  3778 | D:4      | Killed Robin
  4020 | D:4      | Noticed an ogre
  4035 | D:4      | Demolished by an ogre

Vanquished Creatures
  A howler monkey (D:4)
  Terence (D:3)
  A worker ant (D:4)
  Robin (D:4)
  A gnoll (D:1)
  2 adders (D:2)
  An ooze (D:2)
  2 worms
  2 dart slugs (D:1)
  10 orcs
  2 ball pythons
  A giant cockroach (D:3)
  20 goblins
  21 hobgoblins
  6 jackals
  10 kobolds
  2 quokkas
  5 bats
  8 frilled lizards
  8 rats
105 creatures vanquished.

Vanquished Creatures (others)
  8 plants (D:3)
8 creatures vanquished.

Grand Total: 113 creatures vanquished

Table legend: (Time is in decaauts)
 A = Elapsed time spent in this place.
 B = Non-inter-level travel time spent in this place.
 C = Inter-level travel time spent in this place.
 D = Time resting spent in this place.
 E = Time spent auto-exploring this place.
 F = Levels seen in this place.
 G = Mean time per level.
                   A        B        C        D        E       F      G
               +--------+--------+--------+--------+--------+-----+--------+
         Total |   4018 |   3947 |     71 |    268 |   3031 |   4 | 1004.5 |
       Dungeon |   4018 |   3947 |     71 |    268 |   3031 |   4 | 1004.5 |
               +--------+--------+--------+--------+--------+-----+--------+

Top non-repeatable levels by time:
     D:2: 1518 daAuts
     D:1: 1131 daAuts
     D:3: 1073 daAuts
     D:4: 294 daAuts

Table legend:
 A = Non-vault XP
 B = Vault XP
 C = Vault XP percentage of total XP
 D = Non-vault monster count
 E = Vault monster count
 F = Vault count percentage of total count
                 A         B        C        D         E       F
            +---------+---------+-------+---------+---------+-------
      Total |     287 |      91 |  24.1 |      85 |      20 |  19.0
            +---------+---------+-------+---------+---------+-------
        D:1 |      53 |       0 |   0.0 |      22 |       0 |   0.0
        D:2 |      84 |       8 |   8.7 |      35 |       2 |   5.4
        D:3 |      57 |      46 |  44.7 |      25 |       6 |  19.4
        D:4 |      93 |      37 |  28.5 |       3 |      12 |  80.0
            +---------+---------+-------+---------+---------+-------
